 Dungeon Crawl Stone Soup version 0.22-a0-601-gb0ed703 (webtiles) character file.

419 Hebeh the Chopper (level 6, -2/56 HPs)
             Began as a Minotaur Fighter on July 6, 2018.
             Slain by Duvessa
             ... wielding a +1 short sword of speed
              (8 damage)
             ... on level 4 of the Dungeon.
             The game lasted 00:07:46 (2623 turns).

Hebeh the Chopper (Minotaur Fighter)                Turns: 2623, Time: 00:07:47

Health: -2/56      AC:  5    Str: 23    XL:     6   Next: 62%
Magic:  5/5        EV:  8    Int:  5    God:
Gold:   118        SH:  9    Dex:  9    Spells: 5/5 levels left

rFire    + . .     SeeInvis .   a - +0 war axe
rCold    + . .     Gourm    +   c - +0 shield
rNeg     . . .     Faith    .   t - +0 ring mail {rPois}
rPois    +         Spirit   .   (helmet restricted)
rElec    .         Reflect  .   g - scarf {rC+ rF+}
rCorr    .         Harm     .   (no gloves)
MR       .....                  (no boots)
Stlth    ..........             r - amulet of the gourmand
HPRegen  0.18/turn              (no ring)
MPRegen  0.09/turn              (no ring)

@: glowing, heavily drained
A: retaliatory headbutt, horns 2
a: no special abilities


You were on level 4 of the Dungeon.
You were completely stuffed.

You visited 1 branch of the dungeon, and saw 4 of its levels.

You collected 118 gold pieces.

Inventory:

Hand Weapons
 a - a +0 war axe (weapon)
 j - a +0 vampiric hand axe
Missiles
 h - a stone (quivered)
 n - 13 sling bullets
Armour
 b - a +0 scale mail
 c - a +0 shield (worn)
 g - a scarf of resistance (worn)
 t - a +0 ring mail of poison resistance (worn)
Jewellery
 r - an amulet of the gourmand (around neck)
Scrolls
 e - 3 scrolls of identify {unknown}
 i - 2 scrolls of noise {unknown}
 l - a scroll of enchant armour {unknown}
 o - 4 scrolls of immolation {unknown}
 p - a scroll of enchant weapon {unknown}
 q - 2 scrolls of remove curse {unknown}
 s - 3 scrolls of teleportation {unknown}
Potions
 d - 2 potions of might
 k - 2 potions of agility
 m - a potion of flight {unknown}
Comestibles
 f - 5 rations
 u - 26 chunks of flesh


   Skills:
 + Level 5.1(3.8) Fighting
 * Level 5.7(4.3) Axes
 + Level 5.2(3.8) Armour
 + Level 5.1(3.8) Shields


You had 5 spell levels left.
You didn't know any spells.
Your spell library was empty.

Dungeon Overview and Level Annotations

Branches:
Dungeon (4/15)
 Temple: D:4-7

Altars:
Ashenzari
Gozag

Annotations:
D:4 Dowan, Duvessa


Innate Abilities, Weirdness & Mutations

You reflexively headbutt those who attack you in melee.
You have a pair of horns on your head.


Message History

Unknown command.
You are too injured to fight recklessly!
You block Duvessa's attack.
Dowan casts a spell.
Dowan blinks!
You block Duvessa's attack.
Duvessa hits you with a short sword of speed!
* * * LOW HITPOINT WARNING * * *
Dowan points at you and mumbles some strange words.
The puff of flame hits you! You resist.
* * * LOW HITPOINT WARNING * * *
You block Duvessa's attack. Duvessa hits you but does no damage. x2
Duvessa hits you but does no damage. Dowan casts a spell at you.
The puff of frost hits you! You resist.
* * * LOW HITPOINT WARNING * * *
Duvessa hits you but does no damage.
Duvessa hits you with a short sword of speed!
You die...

#.#.#..# ##.#.... #....[..
#### ##..#...# .....
##.......###...##
........e........
##..##.#........ ##
#...............
.###########.###@e........
........>..#.#.........(..
......##.#.#..............
#รท..#.##.#.....###.##.....
#...#.##.#.#.#.# #+# ##...
#...#.##.#.#.#.# .#.
#####.##.###...# #
......##.. ..... ..........
..###


You could see Duvessa and Dowan.

Vanquished Creatures
  An ice beast (D:3)
  2 hounds (D:4)
  An orc wizard (D:3)
  A bullfrog skeleton (D:4)
  Robin (D:4)
  A howler monkey skeleton (D:4)
  7 adders
  An ooze (D:3)
  2 worms
  4 dart slugs
  3 leopard geckos
  12 orcs
  2 giant cockroaches
  21 goblins
  13 hobgoblins
  4 jackals (D:3)
  2 quokkas (D:3)
  5 bats
  6 frilled lizards
  4 kobolds
  11 rats
104 creatures vanquished.

Notes
Turn   | Place    | Note
-------+----------+-------------------------------------------
     0 | D:1      | Hebeh the Minotaur Fighter began the quest for the Orb.
     0 | D:1      | Reached XP level 1. HP: 19/19 MP: 0/0
    73 | D:1      | Reached XP level 2. HP: 27/27 MP: 1/1
   343 | D:1      | Reached XP level 3. HP: 11/33 MP: 2/2
  1006 | D:2      | Reached XP level 4. HP: 40/40 MP: 3/3
  1601 | D:3      | Found an opulent altar of Gozag.
  1643 | D:3      | Found a shattered altar of Ashenzari.
  1744 | D:3      | Reached XP level 5. HP: 38/47 MP: 4/4
  2085 | D:3      | Noticed an ice beast
  2093 | D:3      | Killed an ice beast
  2093 | D:3      | Reached skill level 5 in Axes
  2093 | D:3      | Reached XP level 6. HP: 48/55 MP: 5/5
  2352 | D:4      | Reached skill level 5 in Armour
  2352 | D:4      | Reached skill level 5 in Shields
  2383 | D:4      | Reached skill level 5 in Fighting
  2408 | D:4      | Noticed Robin
  2437 | D:4      | Killed Robin
  2606 | D:4      | Noticed Dowan
  2607 | D:4      | Noticed Duvessa
  2623 | D:4      | Slain by Duvessa

Vault maps used:
D:1:      dpeg_arrival_tiny_b
D:3:      cheibrodos_ashenzari_chains, grunt_gozag_breadcrumbs
D:4:      marbit_many_paths, kennysheep_mini_moat, first_ration, uniq_robin,
          uniq_duvessa

Skill      XL: |  1  2  3  4  5  6 |
---------------+-------------------+-----
Axes           | 3 4 5 |  5.7
Armour         | 4 5 |  5.2
Fighting       | 4 5 |  5.1
Shields        | 4 5 |  5.1

Action                   |  1- 3 |  4- 6 || total
-------------------------+-------+-------++-------
Melee: War axe           |    84 |   147 ||   231
       Headbutt          |     8 |    24 ||    32
  Eat: Chunk             |       |    20 ||    20
Armor: Scale mail        |    34 |    23 ||    57
       Ring mail         |       |    44 ||    44
Dodge: Dodged            |    25 |    43 ||    68
Block: Shield            |    40 |    73 ||   113

Table legend:
 A = Spawn XP
 B = Non-spawn XP
 C = Spawn XP percentage of total XP
 D = Spawn monster count
 E = Non-spawn monster count
 F = Spawn count percentage of total count
 G = Total turns spent on level
                    A         B        C        D         E        F      G
               +---------+---------+-------+---------+---------+-------+---------
         Total |       0 |     599 |   0.0 |       0 |     104 |   0.0 |  2623
               +---------+---------+-------+---------+---------+-------+---------
           D:1 |       0 |      41 |   0.0 |       0 |      24 |   0.0 |   677
           D:2 |       0 |     100 |   0.0 |       0 |      21 |   0.0 |   837
           D:3 |       0 |     252 |   0.0 |       0 |      37 |   0.0 |   730
           D:4 |       0 |     206 |   0.0 |       0 |      22 |   0.0 |   379
               +---------+---------+-------+---------+---------+-------+---------
